 Seeded DCSS version 0.30-a0-605-gb2882149bf (webtiles) character file.

Game seed: 16313646216494777422 (custom seed)

11560 flotson the Fighter (level 11, -2/77 HPs)
             Began as a Demonspawn Delver on Jan 7, 2023.
             Was a Priest of Hepliaklqana.
             Slain by a manticore (5 damage)
             ... on level 11 of the Dungeon on Jan 8, 2023.
             The game lasted 00:16:51 (10857 turns).

flotson the Fighter (Demonspawn Delver)            Turns: 10857, Time: 00:16:52

Health: -2/77      AC: 13    Str: 21    XL:     11   Next: 50%
Magic:  17/17      EV: 12    Int: 18    God:    Hepliaklqana [***...]
Gold:   630        SH:  0    Dex: 14    Spells: 10/10 levels left

rFire   . . .      SeeInvis .    a - +1 trident (heavy)
rCold   . . .      Faith    .    O - orb {mayhem}
rNeg    . . .      Spirit   .    r - +0 chain mail {rPois}
rPois   +          Reflect  .    A - +0 helmet of the Good {*Corrode Str+4}
rElec   .          Harm     .    (no cloak)
rCorr   .          Rampage  .    (gloves unavailable)
Will    .....                    l - +0 pair of boots
Stlth   +                        (no amulet)
HPRegen 0.32/turn                x - +6 ring of intelligence
MPRegen 0.15/turn                (no ring)

@: no status effects
A: reduced essence, ignite blood 2, sturdy frame 2, demonic touch 3
a: Renounce Religion, Recall Ancestor, Ancestor Identity, Transference


You were on level 11 of the Dungeon.
You worshipped Hepliaklqana.
Hepliaklqana was most pleased with you.
You visited 2 branches of the dungeon, and saw 12 of its levels.

You collected 630 gold pieces.

Inventory:

Hand Weapons
 a - a +1 heavy trident (weapon)
 b - a +2 war axe of flaming
Missiles
 s - 19 poisoned darts (quivered)
 y - 6 boomerangs
 F - a throwing net
 H - 3 silver boomerangs
 I - 2 curare-tipped darts
Armour
 i - the +3 ring mail of the Modern Loafs {*Corrode rElec Str+3 Int+4}
   (You found it on level 2 of the Dungeon)

   Str:       It affects your strength (+3).
   Int:       It affects your intelligence (+4).
   rElec:     It insulates you from electricity.
   *Corrode:  It may corrode you when you take damage.
 l - a +0 pair of boots (worn)
 r - a +0 chain mail of poison resistance (worn)
 A - the +0 helmet of the Good (worn) {*Corrode Str+4}
   (You found it on level 6 of the Dungeon)

   Str:       It affects your strength (+4).
   *Corrode:  It may corrode you when you take damage.
 O - an orb of mayhem (worn)
Jewellery
 x - a +6 ring of intelligence (left hand)
 K - a ring of ice
Wands
 g - a wand of digging (3)
 t - a wand of roots (16)
 G - a wand of mindburst (23)
 N - a wand of polymorph (9)
Scrolls
 c - 2 scrolls of fog
 d - 3 scrolls of magic mapping
 e - 4 scrolls of fear
 j - 4 scrolls of noise {unknown}
 k - 5 scrolls of vulnerability {unknown}
 m - 2 scrolls of poison {unknown}
 n - 2 scrolls of enchant weapon {unknown}
 u - a scroll of blinking {unknown}
 v - 3 scrolls of brand weapon {unknown}
 w - 5 scrolls of teleportation {unknown}
 C - a scroll of silence {unknown}
 L - 6 scrolls of identify {unknown}
Potions
 f - 6 potions of haste
 h - 7 potions of curing
 o - 3 potions of magic {unknown}
 p - 2 potions of cancellation {unknown}
 q - 4 potions of heal wounds
 z - 3 potions of resistance {unknown}
 B - 6 potions of lignification {unknown}
 D - a potion of berserk rage {unknown}
 E - a potion of mutation {unknown}
 J - 2 potions of brilliance {unknown}
 M - 2 potions of might {unknown}


   Skills:
 + Level 8.1 Fighting
 + Level 4.3 Axes
 + Level 6.6 Throwing
 + Level 6.8 Armour
 + Level 7.2 Dodging
 - Level 5.0 Stealth
 - Level 8.0 Invocations
 + Level 7.3 Evocations


You had 10 spell levels left.
You didn't know any spells.
Your spell library contained the following spells:

 Spells                   Type           Power      Damage    Failure   Level
 Summon Small Mammal      Summ           0%         N/A       54%         1
 Sublimation of Blood     Necr           0%         N/A       69%         2
 Call Canine Familiar     Summ           0%         N/A       89%         3
 Inner Flame              Hex/Fire       0%         N/A       89%         3
 Ozocubu's Armour         Ice            0%         N/A       89%         3
 Summon Guardian Golem    Hex/Summ       0%         N/A       89%         3
 Anguish                  Hex/Necr       0%         N/A       100%        4
 Cause Fear               Hex            0%         N/A       100%        4
 Petrify                  Tmut/Erth      0%         N/A       100%        4
 Irradiate                Conj/Tmut      0%         3d11      100%        5
 Metabolic Englaciation   Hex/Ice        0%         N/A       100%        5
 Simulacrum               Ice/Necr       0%         N/A       100%        6
 Enfeeble                 Hex            0%         N/A       100%        7
 Discord                  Hex            0%         N/A       100%        8


Dungeon Overview and Level Annotations

Branches:
Dungeon (11/15)            Temple (1/1) D:5            Lair (0/5) D:11
    Orc (0/2) D:10

Altars:
Ashenzari
Cheibriados
Fedhas
Gozag
Hepliaklqana
Kikubaaqudgha
Makhleb
Nemelex Xobeh
Okawaru
Qazlal
Sif Muna
Trog
Uskayaw
Xom
Yredelemnul

Shops:
D:2 :

Annotations:
D:4 2 transporters, Menkaure


Innate Abilities, Weirdness & Mutations

Your life essence is reduced to manifest your ancestor. (-10% HP)
Your demonic aura often causes spilled blood to erupt in flames.
Your movements are less encumbered by armour. (ER -4)
Your touch may irresistibly damage your foes and sap their willpower.


Message History

Citlalmina points at the manticore and mumbles some strange words.
The puff of frost hits the manticore!
You barely miss the manticore.
The manticore is heavily wounded.
The manticore misses you.
The manticore claws you but does no damage.
The manticore claws you. The manticore bites you!!
The manticore claws you but does no damage.
The manticore misses you.
You puncture the manticore!
The manticore is almost dead.
The manticore bites you! The manticore claws you.
The manticore claws you but does no damage.
Citlalmina points at the manticore and mumbles some strange words.
You hear a sizzling sound!
You are too injured to fight recklessly!
You are too injured to fight recklessly!
You are too injured to fight recklessly!
You hit the manticore but do no damage.
The manticore is almost dead.
The manticore bites you but does no damage.
The manticore claws you. The manticore barely misses you.
The manticore bites you but does no damage.
The manticore claws you but does no damage. x2
Citlalmina gestures at the manticore while chanting.
You hear a sizzling sound!
You barely miss the manticore.
The manticore is severely wounded.
The manticore bites you!
* * * LOW HITPOINT WARNING * * *
The manticore claws you but does no damage. x2
The manticore bites you!
* * * LOW HITPOINT WARNING * * *
The manticore claws you but does no damage. x2
You hit the manticore.
The manticore is almost dead.
The manticore barely misses you. The manticore claws you.
* * * LOW HITPOINT WARNING * * *
The manticore closely misses you. The manticore bites you.
You die...

.# #.# .# #.# .#
#.# ## #.#
#######.# ........#
###################
#.# .....°H..#
###.## #@# .....#
#R# ###.## #.#
#...# #.# #.# ....#
#.# #.# #.#.# #.#
#.# #.#.# #.. #.#
#.#.# #.# #.# ..#.#
#.# #.#


You could see the friendly Citlalmina the battlemage and a manticore (ally
target).

Vanquished Creatures
  A two-headed ogre (D:7)
  Nergalle (D:10)
  A cyclops (D:11)
  Joseph (D:7)
  Psyche (D:8)
  A komodo dragon (D:11)
  A rime drake (D:11)
  2 trolls (D:11)
  14 yaks (D:10)
  2 steam dragons
  An acid dragon (D:11)
  2 water moccasins
  3 ice beasts (D:11)
  3 orc warriors
  A sky beast (D:8)
  2 wolves (D:11)
  3 centaurs
  3 phantoms
  3 kobold brigands
  2 bullfrogs
  A necrophage (D:5)
  4 scorpions
  A gnoll sergeant (D:9)
  6 wights
  3 killer bees
  A howler monkey (D:10)
  2 lava snakes (D:9)
  A jelly (D:5)
  A hound (D:5)
  4 orc priests
  3 iguanas
  5 orc wizards
  10 adders
  6 gnolls
  2 shadow imps
  A white imp (D:6)
  An ufetubus (D:6)
  3 worms
  3 dart slugs
  18 orcs
  7 ball pythons
  7 bats
  6 endoplasms
  4 giant cockroaches
  2 goblins (D:3)
  6 hobgoblins
  6 jackals
  3 frilled lizards
  13 kobolds
  2 rats (D:3)
180 creatures vanquished.

Vanquished Creatures (collateral kills)
  2 two-headed ogres (D:10)
  Maggie (D:8)
  5 yaks (D:10)
  2 orc warriors (D:10)
  2 wolves (D:11)
  A gnoll sergeant (D:10)
  A bullfrog (D:8)
  3 wights (D:8)
  A howler monkey (D:10)
  3 gnolls
  8 orcs
  4 kobolds
33 creatures vanquished.

Vanquished Creatures (others)
  2 battlemagi
  An iguana (D:3)
  3 ancestors (D:7)
  A ball python (D:3)
  A rat (D:3)
  3 plants
11 creatures vanquished.

Grand Total: 224 creatures vanquished

Notes
Turn   | Place    | Note
-------+----------+-------------------------------------------
     0 | D:5      | flotson the Demonspawn Delver began the quest for the Orb.
     0 | D:5      | Reached XP level 1. HP: 18/18 MP: 1/1
    83 | D:5      | Noticed a scorpion
   127 | D:5      | Noticed a phantom
   181 | D:3      | Noticed an iguana
   228 | D:2      | Identified the +3 ring mail of the Modern Loafs {*Corrode
                  | rElec Str+3 Int+4}
   427 | D:1      | Gained mutation: Your demonic aura sometimes causes spilled
                  | blood to erupt in flames. [demonic ancestry]
   427 | D:1      | Reached XP level 2. HP: 24/24 MP: 2/2
  1251 | D:2      | Reached XP level 3. HP: 29/29 MP: 3/3
  1256 | D:2      | Found Macleg's Book Emporium.
  1329 | D:2      | Reached skill level 1 in Armour
  1420 | D:2      | Reached skill level 1 in Evocations
  1806 | D:2      | Gained mutation: Your touch may inflict minor irresistible
                  | damage on your foes. [demonic ancestry]
  1806 | D:2      | Reached XP level 4. HP: 31/35 MP: 4/4
  1944 | D:3      | Found a shimmering altar of Xom.
  2160 | D:3      | Gained mutation: Your movements are slightly less
                  | encumbered by armour. (ER -2) [demonic ancestry]
  2160 | D:3      | Reached XP level 5. HP: 39/41 MP: 5/5
  2257 | D:3      | Reached skill level 1 in Throwing
  2257 | D:3      | Reached skill level 5 in Stealth
  2396 | D:4      | Found a transporter.
  2397 | D:4      | Found a snail-covered altar of Cheibriados.
  2397 | D:4      | Found a broken altar of Ashenzari.
  2398 | D:4      | Found a bloodstained altar of Trog.
  2401 | D:4      | Found a transporter.
  2411 | D:4      | Noticed a steam dragon
  2497 | D:4      | Found a basalt altar of Yredelemnul.
  2498 | D:4      | Found an ancient bone altar of Kikubaaqudgha.
  2498 | D:4      | Noticed Menkaure
  2577 | D:4      | Noticed a phantom
  2600 | D:4      | Killed a phantom
  2936 | D:4      | Gained mutation: Your movements are less encumbered by
                  | armour. (ER -4) [demonic ancestry]
  2936 | D:4      | Reached XP level 6. HP: 46/48 MP: 6/6
  3226 | D:5      | Found a stormy altar of Qazlal.
  3244 | D:5      | Found a staircase to the Ecumenical Temple.
  3253 | Temple   | Entered the Ecumenical Temple
  3260 | Temple   | Became a worshipper of Hepliaklqana the Forgotten
  3334 | D:5      | Gained mutation: Your touch may inflict irresistible damage
                  | on your foes. [demonic ancestry]
  3334 | D:5      | Reached XP level 7. HP: 39/54 MP: 7/7
  3529 | D:5      | Found an opulent altar of Gozag.
  3584 | D:5      | Found an iron altar of Okawaru.
  3742 | D:5      | Reached skill level 1 in Invocations
  4041 | D:4      | Killed a steam dragon
  4150 | D:6      | Identified the +0 helmet of the Good {*Corrode Str+4}
  4159 | D:6      | Noticed a steam dragon
  4188 | D:6      | Killed a steam dragon
  4317 | D:6      | Reached XP level 8. HP: 33/61 MP: 8/10
  4635 | D:6      | Found a burning altar of Makhleb.
  4866 | D:6      | Reached skill level 5 in Fighting
  5253 | D:6      | Found a blossoming altar of Fedhas.
  5493 | D:7      | Reached * piety under Hepliaklqana
  5621 | D:7      | Noticed a two-headed ogre
  5696 | D:7      | Killed a two-headed ogre
  5697 | D:7      | Reached skill level 5 in Dodging
  5697 | D:7      | Reached skill level 5 in Invocations
  5697 | D:7      | Gained mutation: Your demonic aura often causes spilled
                  | blood to erupt in flames. [demonic ancestry]
  5697 | D:7      | Reached XP level 9. HP: 39/62 MP: 12/12
  5831 | D:7      | Noticed Joseph
  5840 | D:7      | Killed Joseph
  5841 | D:7      | Reached skill level 5 in Evocations
  6035 | D:7      | Found a sparkling altar of Nemelex Xobeh.
  6533 | D:8      | Noticed Psyche
  6617 | D:8      | Killed Psyche
  6618 | D:8      | Reached skill level 5 in Armour
  6768 | D:8      | Reached skill level 5 in Throwing
  6772 | D:8      | HP: 3/63 [killer bee (7)]
  7186 | D:8      | Noticed Maggie
  7194 | D:8      | Killed Maggie
  7195 | D:8      | Reached XP level 10. HP: 25/69 MP: 14/14
  7880 | D:9      | Reached ** piety under Hepliaklqana
  7881 | D:9      | Remembered your ancestor Citlalmina as a battlemage
  8241 | D:9      | Found a shimmering blue altar of Sif Muna.
  8333 | D:10     | Entered Level 10 of the Dungeon
  8389 | D:10     | Noticed a two-headed ogre
  8398 | D:10     | Killed a two-headed ogre
  8544 | D:10     | Found a staircase to the Orcish Mines.
  9132 | D:10     | Gained mutation: Your touch may irresistibly damage your
                  | foes and sap their willpower. [demonic ancestry]
  9132 | D:10     | Reached XP level 11. HP: 45/75 MP: 15/17
  9526 | D:10     | Noticed a two-headed ogre
  9532 | D:10     | Killed a two-headed ogre
  9658 | D:10     | Noticed Nergalle
  9666 | D:10     | Killed Nergalle
  9859 | D:11     | Found a staircase to the Lair.
 10246 | D:11     | Reached *** piety under Hepliaklqana
 10857 | D:11     | HP: 3/77 [manticore (2)]
 10857 | D:11     | Slain by a manticore

Illustrated notes

Levels and vault maps discovered:
D:1:      dpeg_arrival_round_a, layout_basic, dk_noncrumbling_2,
          hangedman_decor_growths, minmay_tiny_reverse_x
D:2:      layout_loops_ring, serial_shops, shop, chequers_garden,
          kennysheep_another_room, minivault_14
D:3:      layout_rooms, xom_confusion_cloud
D:4:      layout_loops_ring, gammafunk_temple_of_torment,
          gammafunk_temple_overflow_forgotten
D:5:      layout_rooms, grunt_temple_overflow_gold_and_silver,
          general_overflow_altar, mainiacjoe_overflow_surrounded_room,
          temple_statues, serial_corexii_hall, corexii_hall_statues_t,
          corexii_hall_statues_i, chequers_hall_statues_y,
          corexii_hall_statues_u, corexii_hall_statues_t,
          chequers_hall_statues_corner_a, uniq_pikel
D:6:      layout_loops_ring, mainiacjoe_overflow_alcove_2,
          nicolae_overflow_hidden_temple, makhleb_grotto_becter
D:7:      layout_loops_cross, mainiacjoe_overflow_alcove_4, uniq_joseph
D:8:      layout_cave_pools, uniq_maggie, uniq_psyche
D:9:      layout_big_octagon, tgw_sif
D:10:     layout_stronghold, mainiacjoe_overflow_catwalk, david_orc_2,
          uniq_nergalle
D:11:     layout_basic, hellmonk_lair_entry_icy
Temple:   nicolae_temple_ecumenical_triangle

Skill      XL: |  1  2  3  4  5  6  7  8  9 10 11 |
---------------+----------------------------------+-----
Dodging        | 2 3 4 5 6 7 |  7.2
Axes           | 2 3 4 |  4.3
Armour         | 1 2 3 4 5 6 |  6.8
Evocations     | 1 2 3 4 5 6 7 |  7.3
Throwing       | 1 2 4 5 6 |  6.6
Stealth        | 5 |  5.0
Fighting       | 4 5 6 7 8 |  8.1
Invocations    | 2 5 6 8 |  8.0

Action                   |  1- 3 |  4- 6 |  7- 9 | 10-12 || total
-------------------------+-------+-------+-------+-------++-------
Melee: Hand axe          |    37 |       |       |       ||    37
       Punch             |     1 |       |       |       ||     1
       Quarterstaff      |    74 |   191 |   199 |    18 ||   482
       War axe           |       |       |    24 |       ||    24
       Touch             |       |       |     4 |    10 ||    14
       Trident           |       |       |       |   102 ||   102
Throw: Dart              |       |       |     8 |     3 ||    11
Invok: Recall Ancestor   |       |       |     1 |       ||     1
       Ancestor Life: Ba |       |       |       |     1 ||     1
Evoke: Wand              |       |       |     6 |    11 ||    17
  Use: Potion            |       |       |     2 |       ||     2
 Stab: Sleeping          |     4 |     6 |       |     1 ||    11
       Distracted        |       |       |     1 |     1 ||     2
Armor: Ring mail         |    47 |    92 |     4 |       ||   143
       Chain mail        |       |    31 |   152 |    81 ||   264
Dodge: Dodged            |    81 |   142 |   212 |   101 ||   536

Table legend: (Time is in decaauts)
 A = Elapsed time spent in this place.
 B = Non-inter-level travel time spent in this place.
 C = Inter-level travel time spent in this place.
 D = Time resting spent in this place.
 E = Time spent auto-exploring this place.
 F = Levels seen in this place.
 G = Mean time per level.
                   A        B        C        D        E       F      G
               +--------+--------+--------+--------+--------+-----+--------+
         Total |  11154 |  10730 |    424 |    219 |   8419 |  12 |  929.5 |
       Dungeon |  11141 |  10722 |    419 |    219 |   8415 |  11 | 1012.8 |
        Temple |     12 |      7 |      5 |      0 |      4 |   1 |   12.0 |
               +--------+--------+--------+--------+--------+-----+--------+

Top non-repeatable levels by time:
     D:6: 1511 daAuts
    D:10: 1495 daAuts
     D:7: 1172 daAuts
    D:11: 1107 daAuts
     D:5: 1103 daAuts
     D:9: 858 daAuts
     D:1: 825 daAuts
     D:2: 824 daAuts
     D:8: 811 daAuts
     D:4: 810 daAuts
     D:3: 621 daAuts
  Temple: 12 daAuts
